 Dungeon Crawl Stone Soup version 0.25-a0-774-g40ae2d4f90 (webtiles) character file.

Game seed: 8792375048266854808, levelgen mode: deterministic

15371 Hastur the Destroyer (level 12, -8/94 HPs)
             Began as a Pale Draconian Ice Elementalist on Apr 14, 2020.
             Was an Initiate of Gozag.
             Mangled by a six-headed hydra (15 damage)
             ... on level 2 of the Lair of Beasts.
             The game lasted 01:02:51 (15638 turns).

Hastur the Destroyer (DrIE)                        Turns: 15638, Time: 01:02:52

Health: -8/94      AC: 13    Str: 11    XL:     12   Next: 0%
Magic:  18/26      EV: 17    Int: 20    God:    Gozag
Gold:   507        SH:  0    Dex: 22    Spells: 13/31 levels left

rFire    . . .     SeeInvis .   d - +5 shortbow
rCold    + . .     Gourm    .   (shield currently unavailable)
rNeg     . . .     Faith    .   (armour unavailable)
rPois    .         Spirit   .   (helmet restricted)
rElec    .         Reflect  .   (no cloak)
rCorr    .         Harm     .   B - +1 pair of gloves
MR       .....                  T - +2 pair of boots of Keph {*Drain +Inv rC+ Dex+10}
Stlth    +++.......             (no amulet)
HPRegen  0.25/turn              (no ring)
MPRegen  0.20/turn              (no ring)

@: no status effects
A: breathe steam, unfitting armour, cold-blooded, AC +8
a: Breathe Steam, Potion Petition, Call Merchant, Bribe Branch, Renounce
Religion, Evoke Invisibility


You were on level 2 of the Lair of Beasts.
You worshipped Gozag.
Gozag was pleased with you.
You were near starving.

You visited 3 branches of the dungeon, and saw 14 of its levels.
You also visited: Sewer.

You collected 1578 gold pieces.
You spent 285 gold pieces at shops.
You paid 786 gold pieces to Gozag.

Inventory:

Hand Weapons
 a - a +2 dagger of freezing
 b - a +0 hunting sling
 d - a +5 shortbow (weapon)
 L - a +3 eveningstar of protection
Missiles
 q - 319 stones
 t - 43 sling bullets
 u - 2 throwing nets
 w - 193 arrows (quivered)
Armour
 B - a +1 pair of gloves (worn)
 T - the +2 pair of boots of Keph (worn) {*Drain +Inv rC+ Dex+10}
   (You bought it in a shop on level 1 of the Lair of Beasts)

   It affects your dexterity (+10).
   It protects you from cold.
   It lets you turn invisible.
   It causes draining when unequipped.
Jewellery
 C - an uncursed ring of see invisible
 G - a +2 ring of evasion
 M - a +3 ring of dexterity
 O - an uncursed ring of protection from fire {unknown}
Wands
 v - a wand of iceblast (5)
 y - a wand of digging (18)
 F - a wand of polymorph (14)
 I - a wand of clouds (6)
 K - a wand of acid (6)
 R - a wand of random effects (19)
Scrolls
 e - 3 scrolls of blinking
 f - 2 scrolls of enchant weapon
 j - 4 scrolls of immolation
 n - a scroll of enchant armour
 o - 2 scrolls of noise
 x - 6 scrolls of teleportation
 A - a scroll of remove curse
 E - a scroll of identify
 H - a scroll of amnesia
 J - 2 scrolls of fog
 P - a scroll of silence
 Q - a scroll of magic mapping
Potions
 c - 4 potions of flight
 g - 2 potions of berserk rage
 h - 4 potions of mutation
 i - 2 potions of lignification
 k - 2 potions of cancellation
 l - a potion of brilliance
 m - a potion of ambrosia
 p - 2 potions of magic
 r - 6 potions of curing
 z - 3 potions of stabbing
 D - a potion of heal wounds
 N - a potion of experience {unknown}
Comestibles
 s - 26 rations


   Skills:
 - Level 5.0 Fighting
 - Level 6.1 Dodging
 - Level 4.2 Stealth
 - Level 10.0 Spellcasting
 - Level 10.0 Conjurations
 - Level 10.0 Ice Magic
 + Level 3.6 Evocations


You had 13 spell levels left.
You knew the following spells:

 Your Spells              Type           Power        Failure   Level  Hunger
a - Freeze                Ice            ####         1%          1    None
b - Frozen Ramparts       Ice            ######       1%          3    None
c - Hailstorm             Conj/Ice       ######..     1%          4    ##.....
d - Summon Ice Beast      Ice/Summ       ####....     9%          4    ##.....
e - Mephitic Cloud        Conj/Pois/Air  ###.....     5%          3    None
f - Conjure Flame         Conj/Fire      ####....     2%          3    None

Your spell library contained the following spells:

 Spells                   Type           Power        Failure   Level  Hunger
 Ensorcelled Hibernation  Hex/Ice        ####..       1%          2    None
 Dazzling Flash           Conj/Hex       ####..       2%          3    None
 Ozocubu's Armour         Chrm/Ice       ####....     2%          3    None
 Animate Skeleton         Necr           N/A          7%          1    None
 Apportation              Tloc           ##....       7%          1    None
 Corona                   Hex            ##.....      7%          1    None
 Summon Butterflies       Summ           ##......     7%          1    None
 Summon Small Mammal      Summ           ##..         7%          1    None
 Poisonous Vapours        Pois/Air       ##....       11%         2    None
 Confusing Touch          Hex            ##......     21%         3    None
 Lesser Beckoning         Tloc           ##........   21%         3    None
 Tukima's Dance           Hex            ##......     21%         3    None
 Freezing Cloud           Conj/Ice/Air   #####.....   56%         6    ######.
 Alistair's Intoxication  Tmut/Pois      ##......     88%         5    ####...
 Invisibility             Hex            ##......     100%        6    ######.
 Ring of Flames           Chrm/Fire      ##........   100%        7    #######


Dungeon Overview and Level Annotations

Branches:
Dungeon (11/15)            Temple (1/1) D:7            Lair (2/6) D:9
  Sewer (visited)
  Swamp: Lair:2-4    Shoals: Lair:2-4     Snake: Lair:2-4    Spider: Lair:2-4
    Orc: D:9-12

Altars:
Ashenzari
Cheibriados
Dithmenos
Elyvilon
Fedhas
Gozag
Hepliaklqana
Kikubaaqudgha
Makhleb
Nemelex Xobeh
Okawaru
Qazlal
Ru
Sif Muna
Trog
Uskayaw
Vehumet
Wu Jian
Xom
Yredelemnul
Zin
The Shining One
Beogh

Shops:
D:9 [   Lair:1 [

Annotations:
D:6 3 runed translucent doors, 15rune's ghost, novice BaWn
D:10 Food Oklob, exclusion: oklob plant


Innate Abilities, Weirdness & Mutations

You can breathe blasts of scalding, opaque steam.
Your pale cyan-grey scales are hard. (AC +8)
You cannot fit into any form of body armour.
You are cold-blooded and may be slowed by cold attacks.


Message History

The six-headed hydra misses you. x2; The six-headed hydra bites you!
The six-headed hydra bites you but does no damage. x3
Unknown command.
Casting: Freeze (safe; 1% risk of failure)
Confirm with . or Enter, or press ? or * to list all spells.
Aiming: Freeze (safe; 1% risk of failure)
Press: ? - help, Shift-Dir - straight line, f/p - six-headed hydra
Aim: a six-headed hydra (flame, severely wounded)
You freeze the six-headed hydra.
The six-headed hydra is severely wounded.
The six-headed hydra is engulfed in blazing flames.
The six-headed hydra completely misses you.
The six-headed hydra bites you.
* * * LOW HITPOINT WARNING * * *
The six-headed hydra bites you but does no damage.
The six-headed hydra bites you!!
* * * LOW HITPOINT WARNING * * *
The six-headed hydra bites you!
You die...
Your body crumbles into a pile of gold.

####......#..######....#####
#P..#..#####.####.....#######
#.....#.###..P.#..#....#....#
##....#####..................#
#....#.###....................
##...#####......<.......P......
#.#.P# ##.....##..#.##...#..#P#
##########....##D#######...######
#.## #.#....###@# #.#...# ...#
###......##....>.........
#.####.....#...................
.###......#....................
#####....P###.....####..
###.....### ......# . .#.....#.#
#...#### .##....##.#....#
###...## ...


You could see a six-headed hydra.

Vanquished Creatures
  A two-headed ogre (D:10)
  Urug (Lair:2)
  2 black mambas
  A spiny frog (Lair:2)
  A rime drake (Lair:1)
  4 blink frogs (Lair:2)
  3 hippogriffs
  Sigmund (D:3)
  A spriggan (D:8)
  20 yaks
  A basilisk (Lair:2)
  A hungry ghost (D:8)
  Grum (D:9)
  Menkaure (D:5)
  3 water moccasins
  6 porcupines
  Duvessa (D:6)
  2 black bears (D:9)
  2 orc warriors
  Purgy (Sewer)
  5 ice beasts
  5 sky beasts
  12 centaurs
  2 ogres
  2 phantoms
  3 wolves (D:9)
  6 crocodiles
  Blork the orc (D:6)
  3 big kobolds
  13 bullfrogs
  Dowan (D:6)
  2 scorpions
  An oklob sapling (D:7)
  4 howler monkeys
  10 crimson imps
  3 orc priests
  A bullfrog zombie (D:5)
  6 hounds
  A quasit (D:6)
  A centaur zombie (D:6)
  3 jellies
  9 orc wizards
  Ijyb (D:3)
  4 centaur skeletons
  Jessica (D:3)
  A bullfrog skeleton (D:8)
  6 worker ants
  Natasha (thrice) (D:2)
  3 iguanas
  A hound zombie (D:6)
  A howler monkey zombie (D:5)
  11 gnolls
  14 adders
  An adder skeleton (D:4)
  An adder zombie (D:8)
  2 worms (D:2)
  2 dart slugs
  7 leopard geckos
  39 orcs
  2 ball pythons
  14 bats
  10 giant cockroaches
  6 goblins
  12 hobgoblins
  5 jackals
  25 kobolds
  2 quokkas
  4 frilled lizards
  A leopard gecko skeleton (D:5)
  A quokka zombie (D:5)
  9 rats
  A plant (D:7)
338 creatures vanquished.

Vanquished Creatures (others)
  42 fungi
  7 plants
49 creatures vanquished.

Grand Total: 387 creatures vanquished

Notes
Turn   | Place    | Note
-------+----------+-------------------------------------------
     0 | D:1      | Hastur the Draconian Ice Elementalist began the quest for
                  | the Orb.
     0 | D:1      | Reached XP level 1. HP: 14/14 MP: 3/3
   213 | D:1      | Reached skill level 1 in Fighting
   240 | D:1      | Reached XP level 2. HP: 15/23 MP: 0/5
   791 | D:1      | Reached XP level 3. HP: 29/29 MP: 2/7
  1344 | D:2      | Learned a level 3 spell: Frozen Ramparts
  1518 | D:2      | Noticed Natasha
  1534 | D:2      | Killed Natasha
  1534 | D:2      | Reached XP level 4. HP: 21/37 MP: 3/8
  1999 | D:2      | Found a glowing golden altar of the Shining One.
  2024 | D:2      | Noticed Natasha
  2031 | D:2      | Killed Natasha
  2174 | D:2      | Noticed Natasha
  2176 | D:2      | Killed Natasha
  2176 | D:2      | Reached XP level 5. HP: 39/46 MP: 2/10
  2522 | D:3      | Noticed Sigmund
  2542 | D:3      | Killed Sigmund
  2542 | D:3      | Reached XP level 6. HP: 34/53 MP: 1/12
  2830 | D:3      | Noticed Jessica
  2838 | D:3      | Killed Jessica
  2878 | D:3      | Noticed Ijyb
  2888 | D:3      | Killed Ijyb
  2888 | D:3      | Reached skill level 5 in Fighting
  2963 | D:3      | Noticed a fire elemental
  2964 | D:3      | Found a stormy altar of Qazlal.
  2966 | D:3      | Noticed a water elemental
  2966 | D:3      | Noticed an air elemental
  3091 | D:3      | You fall into a shaft and drop 1 floor!
  3110 | D:4      | Reached skill level 5 in Spellcasting
  3300 | D:4      | Your scales start taking on a pale cyan-grey colour.
  3300 | D:4      | Reached XP level 7. HP: 61/61 MP: 10/14
  3595 | D:4      | Found a shadowy altar of Dithmenos.
  3765 | D:5      | Entered Level 5 of the Dungeon
  3893 | D:5      | Found a white marble altar of Elyvilon.
  4073 | D:5      | Found a snail-covered altar of Cheibriados.
  4179 | D:5      | Reached skill level 5 in Dodging
  4179 | D:5      | Reached XP level 8. HP: 67/68 MP: 8/15
  4830 | D:5      | Learned a level 4 spell: Hailstorm
  4853 | D:5      | Reached skill level 1 in Conjurations
  5080 | D:5      | Noticed Menkaure
  5090 | D:5      | Killed Menkaure
  5789 | D:5      | Reached skill level 5 in Conjurations
  6155 | D:6      | Reached XP level 9. HP: 41/74 MP: 7/16
  6171 | D:6      | Found a glowing drain.
  6181 | Sewer    | Entered a sewer
  6426 | Sewer    | Noticed Purgy
  6441 | Sewer    | Killed Purgy
  7041 | D:6      | Noticed Blork the orc
  7239 | D:6      | Noticed Duvessa
  7315 | D:6      | Noticed Dowan
  7335 | D:6      | Killed Dowan
  7521 | D:6      | Killed Duvessa
  7934 | D:6      | Found a shattered altar of Ashenzari.
  8159 | D:6      | Killed Blork the orc
  8183 | D:6      | Found a runed translucent gate.
  8183 | D:6      | Found a runed translucent gate.
  8185 | D:6      | Found a runed translucent gate.
  8198 | D:6      | Noticed 15rune's ghost (novice BaWn)
  8210 | D:6      | Found a roughly hewn altar of Beogh.
  8396 | D:7      | Found a staircase to the Ecumenical Temple.
  8450 | Temple   | Entered the Ecumenical Temple
  9516 | D:8      | Found a glowing silver altar of Zin.
  9646 | D:8      | Reached skill level 10 in Conjurations
  9646 | D:8      | Reached XP level 10. HP: 79/81 MP: 5/17
  9871 | D:8      | Found a sacrificial altar of Ru.
 10066 | D:8      | Reached skill level 5 in Ice Magic
 10440 | D:9      | Found Akifyito's Antique Armour Shop.
 10480 | D:9      | Noticed Grum
 10492 | D:9      | Killed Grum
 11029 | D:9      | Found a shadowy altar of Dithmenos.
 11043 | D:9      | Found a staircase to the Lair.
 11263 | D:9      | Learned a level 4 spell: Summon Ice Beast
 11423 | D:9      | Found a shadowy altar of Dithmenos.
 11677 | D:8      | Found a shimmering blue altar of Sif Muna.
 11698 | D:8      | Found an ancient bone altar of Kikubaaqudgha.
 11712 | D:8      | Found a radiant altar of Vehumet.
 11904 | Temple   | Became a worshipper of Gozag Ym Sagoz the Greedy
 11971 | D:10     | Entered Level 10 of the Dungeon
 12056 | D:9      | Reached XP level 11. HP: 81/86 MP: 13/18
 12088 | D:9      | Reached skill level 10 in Ice Magic
 12425 | D:10     | Found a blossoming altar of Fedhas.
 12446 | D:10     | Noticed an oklob plant
 12557 | D:10     | Noticed a two-headed ogre
 12577 | D:10     | Killed a two-headed ogre
 13635 | Lair:1   | Entered Level 1 of the Lair of Beasts
 13639 | Lair:1   | Bought a pair of bloodstained boots for 285 gold pieces
 13639 | Lair:1   | Identified the +2 pair of boots of Keph {*Drain +Inv rC+
                  | Dex+10} (You bought it in a shop on level 1 of the Lair of
                  | Beasts)
 14547 | Lair:1   | Learned a level 3 spell: Mephitic Cloud
 14548 | Lair:2   | Noticed Urug
 14563 | Lair:2   | Killed Urug
 15034 | Lair:2   | Reached skill level 1 in Evocations
 15334 | Lair:2   | Reached skill level 10 in Spellcasting
 15530 | Lair:2   | Reached XP level 12. HP: 84/94 MP: 22/26
 15594 | Lair:2   | Noticed a six-headed hydra
 15600 | Lair:2   | Learned a level 3 spell: Conjure Flame
 15638 | Lair:2   | Mangled by a six-headed hydra

Levels and vault maps discovered:
D:1:      minmay_arrival_four_houses, layout_loops_ring
D:2:      layout_basic, tso_oasis_becter, uniq_natasha
D:3:      layout_loops_ring, nicolae_ru_path_of_blood,
          nicolae_qazlal_style_of_elements, first_ration, uniq_jessica,
          uniq_sigmund, uniq_ijyb
D:4:      minmay_general_purpose_star, layout_basic, grunt_dithmenos_smoke
D:5:      layout_basic, kennysheep_mini, elyvilon_altar_3, uniq_menkaure
D:6:      nicolae_whirlpool, layout_rooms, evilmike_ruin_ashenzari,
          biasface_ghost_orc_armoury, gup_sewer_entry_pipe, grunt_decor_cap,
          uniq_blork_the_orc, uniq_duvessa
D:7:      layout_loops_ring, minmay_temple_entry_oklob
D:8:      layout_basic, palyth_temple_overflow_mages, general_overflow_altar,
          basic_altar, the_bakery, minmay_misc_feat_hallway
D:9:      layout_basic, lemuel_coloured_pillars_altar,
          due_lair_maze_entry_diamond, serial_shops, shop, basic_altar,
          minmay_misc_feat_square, uniq_grum
D:10:     layout_long_grid, tgw_fedhas
D:11:     layout_roguey
Temple:   jpeg_temple_clearing
Lair:1:   layout_loops_ring, bh_autumn_forest_stairs, patterned_corridor
Lair:2:   layout_concentric_octagons, uniq_urug

Skill      XL: |  1  2  3  4  5  6  7  8  9 10 11 |
---------------+----------------------------------+-----
Fighting       | 1 2 3 4 5 |  5.0
Spellcasting   | 3 4 5 10 | 10.0
Stealth        | 2 3 4 |  4.2
Dodging        | 5 6 |  6.1
Conjurations   | 5 10 | 10.0
Ice Magic      | 9 10 | 10.0
Evocations     | 3 |  3.6

Action                   |  1- 3 |  4- 6 |  7- 9 | 10-12 || total
-------------------------+-------+-------+-------+-------++-------
Melee: Unarmed           |     8 |       |       |       ||     8
       Dagger            |    15 |    40 |    86 |       ||   141
       Tailslap          |       |     1 |    10 |       ||    11
 Fire: Hunting sling     |       |     3 |       |       ||     3
       Shortbow          |       |       |   120 |   377 ||   497
Throw: Stone             |       |       |     2 |       ||     2
 Cast: Freeze            |    49 |    41 |   116 |   131 ||   337
       Frozen Ramparts   |     3 |    16 |    41 |    34 ||    94
       Mephitic Cloud    |       |       |       |     3 ||     3
       Conjure Flame     |       |       |       |     3 ||     3
Invok: Call Merchant     |       |       |       |     1 ||     1
 Abil: Breathe Steam     |       |       |    20 |     4 ||    24
Evoke: Wand              |       |     2 |     2 |     5 ||     9
  Use: Scroll            |       |       |    18 |     9 ||    27
       Potion            |       |       |       |     1 ||     1
 Stab: Sleeping          |       |     5 |     7 |       ||    12
  Eat: Chunk             |     3 |     6 |    24 |     9 ||    42
       Ration            |       |       |     2 |     3 ||     5
Armor: Skin              |    33 |    15 |    74 |    82 ||   204
Dodge: Dodged            |    59 |    44 |   240 |   269 ||   612

Table legend:
 A = Non-vault XP
 B = Vault XP
 C = Vault XP percentage of total XP
 D = Non-vault monster count
 E = Vault monster count
 F = Vault count percentage of total count
                 A         B        C        D         E       F
            +---------+---------+-------+---------+---------+-------
      Total |   17798 |    4161 |  18.9 |     294 |      43 |  12.8
            +---------+---------+-------+---------+---------+-------
        D:1 |      49 |       0 |   0.0 |      28 |       0 |   0.0
        D:2 |     146 |      35 |  19.3 |      27 |       1 |   3.6
        D:3 |      95 |     307 |  76.4 |      16 |       3 |  15.8
        D:4 |     366 |      52 |  12.4 |      17 |       3 |  15.0
        D:5 |    1491 |     165 |  10.0 |      39 |       1 |   2.5
        D:6 |     790 |     542 |  40.7 |      26 |       9 |  25.7
        D:7 |     805 |      62 |   7.2 |      11 |       1 |   8.3
        D:8 |    1296 |     325 |  20.0 |      32 |       4 |  11.1
        D:9 |    3161 |    1717 |  35.2 |      35 |      14 |  28.6
       D:10 |    1905 |       0 |   0.0 |      13 |       0 |   0.0
       D:11 |     912 |       0 |   0.0 |      18 |       0 |   0.0
     Lair:1 |    2988 |       0 |   0.0 |      16 |       0 |   0.0
     Lair:2 |    3794 |     815 |  17.7 |      16 |       1 |   5.9
      Sewer |       0 |     141 | 100.0 |       0 |       6 | 100.0
            +---------+---------+-------+---------+---------+-------
